 Dungeon Crawl Stone Soup version 0.30-a0-568-g124715a40b (webtiles) character file.

Game seed: 450336856141999006

25440 Newt the Nimble (level 12, -1/84 HPs)
             Began as a Demonspawn Gladiator on Dec 28, 2022.
             Was an Elder of Hepliaklqana.
             Engulfed by a cloud of flame (16 damage)
             ... in a volcano.
             The game lasted 00:19:57 (12355 turns).

Newt the Nimble (Demonspawn Gladiator)             Turns: 12355, Time: 00:19:57

Health: -1/84      AC: 10    Str: 17    XL:     12   Next: 89%
Magic:  0/9        EV: 19    Int: 10    God:    Hepliaklqana [****..]
Gold:   384        SH:  2    Dex: 17    Spells: 11/11 levels left

rFire   . . .      SeeInvis +    B - +10 shortbow of Noon {freeze, rElec rN+ MP-9}
rCold   + . .      Faith    .    (shield currently unavailable)
rNeg    + . .      Spirit   +    D - +2 leather armour {Will+}
rPois   .          Reflect  .    c - +0 helmet
rElec   +          Harm     .    (no cloak)
rCorr   .          Rampage  .    (no gloves)
Will    ++...                    i - +1 pair of boots
Stlth   ++++                     y - amulet of guardian spirit
HPRegen 0.34/turn                v - ring of the Octopus King {rC+ HP+2 AC+2 EV+2 SH+2}
MPRegen 0.22/turn                H - ring of flight

@: flying
A: reduced essence, spiny 2, magic regeneration, weakness stinger 2, see
invisible, strong-willed 1
a: Renounce Religion, Recall Ancestor, Ancestor Identity, Transference, Idealise


You were in a volcano.
You worshipped Hepliaklqana.
Hepliaklqana was greatly pleased with you.
You visited 3 branches of the dungeon, and saw 14 of its levels.
You also visited: Sewer and Volcano.

You collected 1674 gold pieces.
You spent 1290 gold pieces at shops.

Inventory:

Hand Weapons
 a - a +0 rapier
 l - a +3 heavy spear
 B - the +10 shortbow of Noon (weapon) {freeze, rElec rN+ MP-9}
   (You bought it in a shop on level 6 of the Dungeon)

   Any ammunition fired from it freezes those it strikes, dealing additional
   cold damage.
   It can also slow down cold-blooded creatures.
   rElec:     It insulates you from electricity.
   rN:        It protects you from negative energy.
   MP:        It affects your magic capacity (-9).
Missiles
 e - a javelin
 n - 47 poisoned darts
 x - 15 boomerangs
Armour
 b - a +0 leather armour
 c - a +0 helmet (worn)
 i - a +1 pair of boots (worn)
 D - a +2 leather armour of willpower (worn)
Jewellery
 v - a ring of the Octopus King (left hand) {rC+ HP+2 AC+2 EV+2 SH+2}
   (You bought it in a shop on level 6 of the Dungeon)

   [ring of protection from cold]

   AC:        It affects your AC (+2).
   EV:        It affects your evasion (+2).
   rC:        It protects you from cold.
   HP:        It affects your health (+2).
   SH:        It affects your SH (+2).
 y - an amulet of guardian spirit (around neck)
 H - a ring of flight (right hand)
 I - a ring of magical power
 P - a ring of wizardry
 Q - a +5 ring of evasion
 R - a ring of wizardry
Wands
 d - a wand of polymorph (3)
 w - a wand of iceblast (8)
 J - a wand of flame (7)
 M - a wand of charming (4)
Scrolls
 k - 3 scrolls of teleportation
 o - 2 scrolls of noise
 t - 5 scrolls of enchant armour
 u - 2 scrolls of enchant weapon
 A - 2 scrolls of brand weapon
 C - 2 scrolls of poison
 L - a scroll of blinking
 O - a scroll of vulnerability
Potions
 f - 2 potions of invisibility
 h - 2 potions of haste
 j - 2 potions of mutation
 p - 4 potions of berserk rage
 q - 5 potions of curing
 r - 2 potions of brilliance
 s - 3 potions of might
 E - a potion of attraction
 K - 3 potions of ambrosia
Miscellaneous
 g - a lightning rod (3/4)
 m - a tin of tremorstones (2/2)


   Skills:
 - Level 8.0 Fighting
 - Level 2.6 Short Blades
 - Level 6.0 Polearms
 - Level 8.0 Ranged Weapons
 - Level 5.0 Throwing
 - Level 4.0 Armour
 + Level 9.6 Dodging
 - Level 8.0 Stealth
 - Level 8.0 Invocations
 - Level 8.0 Evocations


You had 11 spell levels left.
You didn't know any spells.
Your spell library contained the following spells:

 Spells                   Type           Power      Damage    Failure   Level
 Shock                    Conj/Air       0%         1d3       41%         1
 Blink                    Tloc           0%         N/A       56%         2
 Momentum Strike          Conj/Tloc      0%         3d8       56%         2
 Lesser Beckoning         Tloc           0%         N/A       80%         3
 Swiftness                Air            0%         N/A       80%         3
 Airstrike                Air            0%         2d(0-16)  99%         4
 Summon Lightning Spire   Summ/Air       0%         N/A       99%         4
 Iskenderun's Battlesphe  Conj           0%         2d6       100%        5
 Iron Shot                Conj/Erth      0%         9d1       100%        6
 Spellforged Servitor     Conj/Summ      0%         N/A       100%        7
 Storm Form               Tmut/Air       0%         N/A       100%        7
 Maxwell's Capacitive Co  Air            0%         ∞         100%        8


Dungeon Overview and Level Annotations

Branches:
Dungeon (10/15)            Temple (1/1) D:5            Lair (3/5) D:8
  Sewer (visited)         Volcano (1/1)
  Swamp: Lair:2-3    Shoals: Lair:2-3     Snake: Lair:2-3    Spider: Lair:2-3
    Orc: D:9-12

Altars:
Ashenzari
Cheibriados
Dithmenos
Fedhas
Gozag
Hepliaklqana
Kikubaaqudgha
Makhleb
Nemelex Xobeh
Okawaru
Qazlal
Ru
Sif Muna
Trog
Uskayaw
Vehumet
Wu Jian
Xom
Yredelemnul

Shops:
D:6 =([!(

Annotations:
D:6 exclusion: oklob plant
D:10 1 runed translucent door, BubbleThief's ghost, journeyman NaVM


Innate Abilities, Weirdness & Mutations

Your life essence is reduced to manifest your ancestor. (-10% HP)
You are mostly covered in sharp spines.
You regenerate magic rapidly.
You have a tail ending in a sharp stinger.
You have supernaturally acute eyesight. (SInv)
You are strong-willed. (Will+)


Message History

Press: ? - help, Q - select action, (/) - cycle Shift-Dir - straight line, f/p - salamander
Aim: a salamander, wielding a +3 shortbow of flaming (heavily wounded, fast, fleeing, 82% to hit)
You shoot an arrow. The arrow hits the salamander mystic.
The arrow freezes the salamander mystic.
Your attack snaps the salamander mystic out of its fear.
The salamander mystic is almost dead.
Fire: B) +10 shortbow of Noon {freeze, rElec rN+ MP-9}
Press: ? - help, Q - select action, (/) - cycle Shift-Dir - straight line, f - salamander mystic
Aim: a salamander mystic, wielding a +0 quarterstaff and wearing a +0 robe (almost dead, fleeing, 82% to hit)
You shoot an arrow.
The arrow hits the salamander mystic but does no damage.
The salamander mystic is almost dead.
Fire: B) +10 shortbow of Noon {freeze, rElec rN+ MP-9}
Press: ? - help, Q - select action, (/) - cycle Shift-Dir - straight line, f/p - salamander mystic
Aim: a salamander mystic, wielding a +0 quarterstaff and wearing a +0 robe (almost dead, fleeing, 82% to hit)
You shoot an arrow. The arrow hits the salamander mystic!
The arrow freezes the salamander mystic.
You kill the salamander mystic!
You start resting.
Magic restored.
You start resting.
Bolek emerges from the mists of memory!
You start resting.
A salamander is nearby!
A salamander is nearby!
A salamander is nearby!
A salamander is nearby!
You swap places.
There is an open door here.
Fire: B) +10 shortbow of Noon {freeze, rElec rN+ MP-9}
Press: ? - help, Q - select action, (/) - cycle Shift-Dir - straight line, f - you
Okay, then.
You start resting.
The air gets thick with the scent of sulphur.
You start resting.
The volcano roars to life, belching forth lava!
You are engulfed in blazing flames.
* * * LOW HITPOINT WARNING * * *
You are engulfed in blazing flames.
You die...

○○.......##..........§......
○○○≈≈.°○☼○☼°°°.°°○○≈.≈..≈..§
○○○≈≈○≈°○☼○○○°○○○°§§§§≈≈≈≈§§
○°○≈○☼○≈☼§○○○○☼○☼≈≈§≈≈≈≈§≈≈§
○○°≈§○○○≈○§○☼☼○§§§§§≈≈≈§§§§§
○§○≈○°○○☼§§○☼°○≈≈≈§§≈≈≈§≈§≈§
○≈§≈○°☼○○≈°§○○§§§§§≈≈≈.≈§§≈
≈≈§≈≈☼○○☼○§○☼○°§≈○○§≈§.≈≈§.
§§≈§○○○☼○○@○R○○○☼°○.......≈
≈≈°○########☼####### §≈..
#.# b§§ #.# ≈§ #.# #.# #.#
#.# #'#


You could see the friendly Bolek the knight.

Vanquished Creatures
  A boulder beetle (Lair:2)
  A two-headed ogre (D:9)
  3 death yaks
  A salamander mystic (Volcano)
  The ghost of scionoferis the Covert, a novice VSMo (D:9)
  Pikel (D:8)
  2 salamanders (Volcano)
  Joseph (D:7)
  A gargoyle (D:7)
  A torpor snail (Lair:1)
  2 unseen horror zombies (D:9)
  5 cane toads
  An unseen horror (D:10)
  Maggie (D:6)
  4 komodo dragons
  A rime drake (Lair:3)
  2 kobold demonologists (D:9)
  A troll (D:10)
  Sigmund (D:2)
  A vampire (D:9)
  2 wyverns
  18 yaks
  Grum (D:10)
  3 vampire mosquitoes (D:7)
  4 water moccasins
  A sky beast (D:7)
  4 orc warriors
  2 ice beasts
  5 black bears
  2 ogres
  11 wolves
  7 centaurs
  2 lemures
  7 kobold brigands (D:9)
  4 bullfrogs
  A necrophage (D:5)
  2 scorpions (D:5)
  7 wights
  16 killer bees
  5 howler monkeys
  An electric eel (D:10)
  2 lava snakes (Volcano)
  A crimson imp (D:8)
  3 jellies
  An orc priest (D:8)
  3 gnoll boudas
  6 hounds
  Terence (D:2)
  9 iguanas
  12 orc wizards
  3 howler monkey zombies (D:9)
  3 gnolls (D:4)
  12 adders
  A shadow imp (D:7)
  2 white imps
  3 ufetubi
  6 worms
  2 dart slugs (D:1)
  30 orcs
  4 endoplasms
  5 giant cockroaches
  7 goblins
  3 hobgoblins
  4 jackals (D:5)
  A quokka (D:2)
  6 ball pythons
  11 bats
  9 frilled lizards
  4 kobolds
  6 rats
297 creatures vanquished.

Vanquished Creatures (collateral kills)
  3 death yaks
  2 cane toads (Lair:1)
  A kobold demonologist (D:9)
  A troll (D:9)
  A wyvern (Lair:2)
  2 yaks (Lair:2)
  A basilisk (Lair:2)
  A vampire mosquito (D:7)
  4 water moccasins
  A black bear (Lair:2)
  2 wolves
  A lemure (D:8)
  A centaur (D:8)
  3 kobold brigands (D:9)
  2 bullfrogs
  4 wights
  A killer bee (D:8)
  An orc wizard (D:9)
  3 orcs
  A kobold (D:9)
36 creatures vanquished.

Vanquished Creatures (others)
  5 knights
  3 ancestors (D:7)
  7 fungi
  10 plants
  19 toadstools (D:6)
  3 withered plants (D:9)
47 creatures vanquished.

Grand Total: 380 creatures vanquished

Notes
Turn   | Place    | Note
-------+----------+-------------------------------------------
     0 | D:1      | Newt the Demonspawn Gladiator began the quest for the Orb.
     0 | D:1      | Reached XP level 1. HP: 16/16 MP: 1/1
    56 | D:1      | Reached skill level 1 in Stealth
   150 | D:1      | Gained mutation: You have a small tail. [demonic ancestry]
   150 | D:1      | Reached XP level 2. HP: 22/22 MP: 2/2
   876 | D:2      | Found a hide-covered altar of Uskayaw.
   885 | D:2      | Gained mutation: You are partially covered in sharp spines.
                  | [demonic ancestry]
   885 | D:2      | Reached XP level 3. HP: 27/27 MP: 3/3
   935 | D:2      | Gained mutation: You are strong-willed. (Will+) [potion of
                  | mutation]
   935 | D:2      | Gained mutation: You have supernaturally acute eyesight.
                  | (SInv) [potion of mutation]
  1040 | D:2      | Noticed Terence
  1056 | D:2      | Killed Terence
  1057 | D:2      | Gained mutation: You are mostly covered in sharp spines.
                  | [demonic ancestry]
  1057 | D:2      | Reached XP level 4. HP: 11/35 MP: 4/4
  1300 | D:2      | Found a faded altar of an unknown god.
  1548 | D:2      | Noticed Sigmund
  1562 | D:2      | Killed Sigmund
  1563 | D:2      | Reached XP level 5. HP: 23/42 MP: 5/5
  1563 | D:2      | Reached XP level 6. HP: 26/48 MP: 6/6
  2306 | D:3      | Found a bloodstained altar of Trog.
  2406 | D:4      | Found a glowing drain.
  2495 | Sewer    | Entered a sewer
  2520 | Sewer    | Noticed a water moccasin
  2528 | Sewer    | Killed a water moccasin
  2529 | Sewer    | Reached skill level 5 in Throwing
  2529 | Sewer    | Reached skill level 1 in Polearms
  2529 | Sewer    | Reached XP level 7. HP: 54/54 MP: 7/7
  2836 | D:4      | Found a hide-covered altar of Uskayaw.
  3080 | D:4      | Found a snail-covered altar of Cheibriados.
  3204 | D:5      | Entered Level 5 of the Dungeon
  3710 | D:5      | Found a staircase to the Ecumenical Temple.
  3768 | D:5      | Reached skill level 5 in Polearms
  3869 | D:5      | Reached XP level 8. HP: 59/60 MP: 8/8
  4172 | D:5      | Found a radiant altar of Vehumet.
  4453 | Temple   | Entered the Ecumenical Temple
  4538 | Temple   | Became a worshipper of Hepliaklqana the Forgotten
  4642 | D:6      | Reached skill level 1 in Armour
  4671 | D:6      | Found Dokhludol's Jewellery Shop.
  4771 | D:6      | Identified a scroll of acquirement
  4771 | D:6      | Acquired 1040 gold pieces
  4771 | D:6      | Noticed Maggie
  4795 | D:6      | Bought a ring of the Octopus King {rC+ HP+2 AC+2 EV+2 SH+2}
                  | for 736 gold pieces
  4795 | D:6      | Found the ring of the Octopus King {rC+ HP+2 AC+2 EV+2
                  | SH+2}
  4891 | D:6      | Found a blossoming altar of Fedhas.
  4915 | D:6      | Noticed an oklob plant
  4954 | D:6      | Found an iron altar of Okawaru.
  4975 | D:6      | Reached skill level 1 in Evocations
  5026 | D:6      | Found Fadustri's Weapon Shop.
  5238 | D:6      | Found Resab's Antique Armour Boutique.
  5248 | D:6      | Reached skill level 1 in Ranged Weapons
  5258 | D:6      | Killed Maggie
  5259 | D:6      | Gained mutation: You have a tail ending in a sharp stinger.
                  | [demonic ancestry]
  5259 | D:6      | Reached XP level 9. HP: 41/65 MP: 5/9
  5495 | D:6      | Found Hubbian's Weapon Shop.
  5552 | D:6      | Found Uchaox's Distillery.
  5652 | D:6      | Found an opulent altar of Gozag.
  5652 | D:6      | Found a sparkling altar of Nemelex Xobeh.
  6041 | D:6      | Bought the +10 shortbow of Noon {freeze, rElec rN+ MP-9}
                  | for 554 gold pieces
  6118 | D:7      | Reached skill level 5 in Ranged Weapons
  6157 | D:7      | Reached * piety under Hepliaklqana
  6157 | D:7      | Noticed a gargoyle
  6164 | D:7      | Killed a gargoyle
  6360 | D:7      | Found a broken altar of Ashenzari.
  6370 | D:7      | Noticed Joseph
  6379 | D:7      | Killed Joseph
  6539 | D:7      | Reached XP level 10. HP: 63/63 MP: 1/10
  6544 | D:7      | Reached skill level 3 in Dodging
  6563 | D:7      | Reached skill level 4 in Dodging
  6571 | D:7      | Reached skill level 5 in Dodging
  6951 | D:8      | Reached skill level 6 in Dodging
  7015 | D:8      | Reached ** piety under Hepliaklqana
  7028 | D:8      | Remembered your ancestor Bolek as a knight
  7036 | D:8      | Reached skill level 5 in Stealth
  7107 | D:8      | Noticed a death yak
  7107 | D:8      | Noticed a death yak
  7112 | D:8      | Noticed a death yak
  7112 | D:8      | Noticed Pikel
  7124 | D:9      | Noticed a two-headed ogre
  7129 | D:9      | Killed a two-headed ogre
  7197 | D:9      | Found an ancient bone altar of Kikubaaqudgha.
  7366 | D:9      | Reached XP level 11. HP: 63/69 MP: 11/11
  7531 | D:9      | Found a runed translucent gate.
  7531 | D:9      | Found a runed translucent gate.
  7531 | D:9      | Found a runed translucent gate.
  7534 | D:9      | Noticed scionoferis's ghost (novice VSMo)
  7905 | D:9      | Killed a death yak
  7919 | D:8      | Noticed a death yak
  7922 | D:8      | Noticed a death yak
  7934 | D:9      | Killed a death yak
  7935 | D:9      | Reached skill level 5 in Invocations
  8112 | D:9      | Killed a death yak
  8137 | D:9      | Killed a death yak
  8597 | D:9      | Killed scionoferis's ghost
  8607 | D:9      | Noticed a soul eater
  8609 | D:9      | Reached skill level 5 in Evocations
  8768 | D:8      | You fall into a shaft and drop 2 floors!
  8768 | D:10     | Entered Level 10 of the Dungeon
  8830 | D:10     | Found a runed translucent door.
  8831 | D:10     | Noticed BubbleThief's ghost (journeyman NaVM)
  8918 | D:10     | Noticed Grum
  8925 | D:10     | Killed Grum
  9188 | D:8      | Reached *** piety under Hepliaklqana
  9192 | D:8      | Found a sacrificial altar of Ru.
  9240 | D:8      | Killed Pikel
  9249 | D:8      | Killed a death yak
  9250 | D:8      | Noticed a death yak
  9264 | D:8      | Killed a death yak
  9265 | D:8      | Reached skill level 5 in Fighting
  9265 | D:8      | Gained mutation: You regenerate magic rapidly. [demonic
                  | ancestry]
  9265 | D:8      | Reached XP level 12. HP: 37/77 MP: 9/18
  9468 | D:8      | Found a staircase to the Lair.
  9592 | D:8      | Found a burning altar of Makhleb.
 10067 | Lair:1   | Entered Level 1 of the Lair of Beasts
 10872 | Lair:1   | Reached **** piety under Hepliaklqana
 11150 | Lair:2   | Noticed a boulder beetle
 11160 | Lair:2   | Reached skill level 7 in Dodging
 11223 | Lair:2   | Killed a boulder beetle
 11224 | Lair:2   | Reached skill level 8 in Dodging
 11424 | Lair:2   | Found an iron altar of Okawaru.
 11789 | Lair:3   | Reached skill level 9 in Dodging
 11982 | Lair:3   | Found a dark tunnel.
 11995 | Volcano  | Entered a volcano
 12258 | Volcano  | Found a burning altar of Makhleb.
 12274 | Volcano  | HP: 3/84 [salamander mystic/bolt of magma (12)]
 12355 | Volcano  | Engulfed by a cloud of flame

Illustrated notes

Levels and vault maps discovered:
D:1:      roderic_chinese_lattice_arrival, layout_basic
D:2:      layout_rooms, basic_altar, ebering_ecumenical_altar_sacrificial,
          uniq_sigmund, uniq_terence
D:3:      layout_loops_ring, marbit_many_paths, due_unseen_surprise
D:4:      layout_rooms, nicolae_uskayaw_dance_hall, cheibriados_altar_1,
          cheibrodos_sewer_entry_drain
D:5:      layout_cave_pods, nicolae_vehumet_altar_sigil,
          lemuel_temple_firewalk_a
D:6:      layout_basic, grunt_temple_overflow_opulence, general_overflow_altar,
          tgw_fedhas, serial_shops, nicolae_shop_waterfront,
          nicolae_inconvenience_store, nicolae_shop_bloodbath_and_beyond, shop,
          nicolae_shop_trees, minmay_fractal_squares_gapless_5, uniq_maggie
D:7:      kennysheep_six_static_rooms, layout_cave_pools,
          evilmike_ruin_ashenzari, uniq_joseph
D:8:      wad_pebble_path, layout_basic, nicolae_ru_awakened_eye,
          makhleb_grotto_becter, dpeg_lair_monsters, uniq_pikel
D:9:      layout_big_octagon, nicolae_kikubaaqudgha_miasma_corner,
          serial_undead, serial_undead_f, serial_undead_c, serial_undead_e,
          serial_undead_a, gammafunk_ghost_nasty_kobolds, patterned_corridor
D:10:     layout_loops_ring, gammafunk_ghost_grave, minmay_crystal_water,
          uniq_grum
Temple:   zaba_magenta_temple
Lair:1:   layout_regular_city
Lair:2:   layout_cave_shapes, basic_altar, beast_lair_carwin_7
Lair:3:   layout_cave_pods, elwin_shoals_entry_rooms,
          minmay_snake_entry_six_corridors, nicolae_volcano_entry_two_sided,
          grunt_megastairs_2, infiniplex_staircase_pool, lemuel_fruit_tree
Volcano:  volcano_lake [vl_original]

Skill      XL: |  1  2  3  4  5  6  7  8  9 10 11 12 |
---------------+-------------------------------------+-----
Stealth        | 1 2 3 7 8 |  8.0
Fighting       | 3 4 5 8 |  8.0
Throwing       | 3 5 |  5.0
Polearms       | 1 5 6 |  6.0
Armour         | 4 |  4.0
Evocations     | 4 8 |  8.0
Ranged Weapons | 2 7 8 |  8.0
Dodging        | 6 9 |  9.6
Invocations    | 8 |  8.0
Short Blades   | |  2.6

Action                   |  1- 3 |  4- 6 |  7- 9 | 10-12 || total
-------------------------+-------+-------+-------+-------++-------
Melee: Rapier            |   104 |    28 |       |       ||   132
       Tailslap          |    10 |     7 |    23 |       ||    40
       Spear             |       |    46 |   184 |       ||   230
       Punch             |       |       |     1 |       ||     1
 Fire: Shortbow          |       |       |    46 |   523 ||   569
Throw: Throwing net      |     1 |     1 |       |     2 ||     4
Invok: Ancestor Life: Kn |       |       |       |     1 ||     1
       Recall Ancestor   |       |       |       |     1 ||     1
Evoke: Wand              |       |       |       |     3 ||     3
       Lightning rod     |       |       |       |     1 ||     1
  Use: Scroll            |     5 |     5 |     4 |    12 ||    26
       Potion            |     1 |       |       |     5 ||     6
 Stab: Sleeping          |     4 |     9 |     7 |       ||    20
       Held in net/web   |     2 |     1 |       |       ||     3
Armor: Leather armour    |    33 |    15 |    40 |    42 ||   130
Dodge: Dodged            |    62 |    29 |    95 |   161 ||   347
Block: Other             |       |       |     8 |    13 ||    21

Table legend: (Time is in decaauts)
 A = Elapsed time spent in this place.
 B = Non-inter-level travel time spent in this place.
 C = Inter-level travel time spent in this place.
 D = Time resting spent in this place.
 E = Time spent auto-exploring this place.
 F = Levels seen in this place.
 G = Mean time per level.
                   A        B        C        D        E       F      G
               +--------+--------+--------+--------+--------+-----+--------+
         Total |  12516 |  11854 |    662 |   2412 |   7336 |  16 |  782.2 |
       Dungeon |  10026 |   9442 |    584 |   1795 |   5964 |  10 | 1002.6 |
        Temple |     98 |     55 |     43 |      0 |     50 |   1 |   98.0 |
          Lair |   1954 |   1919 |     35 |    353 |   1266 |   3 |  651.3 |
         Sewer |     74 |     74 |      0 |      0 |     18 |   1 |   74.0 |
       Volcano |    362 |    362 |      0 |    264 |     38 |   1 |  362.0 |
               +--------+--------+--------+--------+--------+-----+--------+

Top non-repeatable levels by time:
     D:9: 1624 daAuts
     D:6: 1574 daAuts
     D:5: 1187 daAuts
  Lair:1: 1014 daAuts
     D:8: 1012 daAuts
     D:4: 920 daAuts
     D:7: 889 daAuts
     D:1: 880 daAuts
     D:2: 788 daAuts
     D:3: 738 daAuts
  Lair:2: 724 daAuts
    D:10: 409 daAuts
 Volcano: 362 daAuts
  Lair:3: 215 daAuts
  Temple: 98 daAuts
